HSSL
SHELBY HS ROCKETS @ OKLAHOMA CITY HS MAGICIANS
04/21/2026
 
TOP OF THE 1ST
Shelby HS Rockets batting - Pitching for Oklahoma City HS Magicians : RHP Carlos Pineda
Pitching: RHP Carlos Pineda
Batting: LHB Justin Tubridy 0-0: Ball
1-0: Ground out U3 (Groundball, 3L)
Batting: RHB Robbie Weatherdon 0-0: Ball
1-0: Ball
2-0: Called Strike
2-1: Ball
3-1: Ground out 6-3 (Groundball, 6)
Batting: LHB Dave Cannon 0-0: SINGLE (Groundball, 6MD)
Batting: RHB Joseph Brown 0-0: Fly out, F7 (Line Drive, 7S)
Top of the 1st over - 0 run(s), 1 hit(s), 0 error(s), 1 left on base; Shelby HS 0 - Oklahoma City HS 0
BOTTOM OF THE 1ST
Oklahoma City HS Magicians batting - Pitching for Shelby HS Rockets : RHP Jason Willis
Pitching: RHP Jason Willis
Batting: RHB Artie Rivers 0-0: Ball
1-0: Fly out, F7 (Flyball, 7LS)
Batting: RHB Pat Simms 0-0: Fly out, F3 (Popup, 3SF)
Batting: RHB Curt O'Brian 0-0: Ball
1-0: Ball
2-0: Swinging Strike
2-1: Foul Ball, location: 2F
2-2: Strikes out looking
Bottom of the 1st over - 0 run(s), 0 hit(s), 0 error(s), 0 left on base; Shelby HS 0 - Oklahoma City HS 0
TOP OF THE 2ND
Shelby HS Rockets batting - Pitching for Oklahoma City HS Magicians : RHP Carlos Pineda
Batting: RHB Jesús López 0-0: Ball
1-0: Swinging Strike
1-1: Ball
2-1: Foul Ball, location: 2F
2-2: Ball
3-2: Strikes out swinging
Batting: RHB David Randall 0-0: Called Strike
0-1: Called Strike
0-2: Ball
1-2: SINGLE (Line Drive, 34D)
Batting: RHB Julius Bell 0-0: Foul Ball, location: 2F
0-1: Called Strike
0-2: Strikes out swinging
Batting: LHB Bill Williams 0-0: Ball
1-0: Called Strike
1-1: Ball
2-1: Foul Ball, location: 2F
2-2: Ball
3-2: Foul Ball, location: 2F
3-2: Foul Ball, location: 2F
3-2: Strikes out swinging
Top of the 2nd over - 0 run(s), 1 hit(s), 0 error(s), 1 left on base; Shelby HS 0 - Oklahoma City HS 0
BOTTOM OF THE 2ND
Oklahoma City HS Magicians batting - Pitching for Shelby HS Rockets : RHP Jason Willis
Batting: SHB Fernando Borges 0-0: Foul Ball, location: 2F
0-1: Foul Ball, location: 2F
0-2: Ball
1-2: Ball
2-2: Strikes out swinging
Batting: RHB Darrell Krieger 0-0: Called Strike
0-1: Ball
1-1: Swinging Strike
1-2: Strikes out looking
Batting: LHB Claudio Jaramillo 0-0: Ball
1-0: Swinging Strike
1-1: Called Strike
1-2: Strikes out looking
Bottom of the 2nd over - 0 run(s), 0 hit(s), 0 error(s), 0 left on base; Shelby HS 0 - Oklahoma City HS 0
TOP OF THE 3RD
Shelby HS Rockets batting - Pitching for Oklahoma City HS Magicians : RHP Carlos Pineda
Batting: RHB Sean Merritt 0-0: Called Strike
0-1: Fly out, F8 (Flyball, 8RM)
Batting: LHB Justin Tubridy 0-0: Swinging Strike
0-1: Ball
1-1: SINGLE (Flyball, 8LS)
Batting: RHB Robbie Weatherdon 0-0: Ball
1-0: Ball
2-0: Called Strike
2-1: Ball
3-1: Swinging Strike
3-2: Strikes out swinging
Batting: LHB Dave Cannon 0-0: Foul Ball, location: 2F
0-1: Ball
1-1: DOUBLE (Line Drive, 89M)
Justin Tubridy to third
Runner from 3rd tries for Home, SAFE, no throw or cutoff
Batting: RHB Joseph Brown 0-0: Swinging Strike
0-1: Ball
1-1: Ground out 6-3 (Groundball, 6)
Top of the 3rd over - 1 run(s), 2 hit(s), 0 error(s), 1 left on base; Shelby HS 1 - Oklahoma City HS 0
BOTTOM OF THE 3RD
Oklahoma City HS Magicians batting - Pitching for Shelby HS Rockets : RHP Jason Willis
Batting: LHB Fletcher White 0-0: Called Strike
0-1: Swinging Strike
0-2: Foul Ball, location: 2F
0-2: Fly out, F7 (Flyball, 78M)
Batting: LHB Sam Knight 0-0: Ball
1-0: Foul Ball, location: 2F
1-1: Ground out 5-3 (Groundball, 56S)
Batting: RHB Jim Banks 0-0: Ball
1-0: Swinging Strike
1-1: Foul Ball, location: 2F
1-2: Foul Ball, location: 2F
1-2: Ball
2-2: Ball
3-2: Foul Ball, location: 2F
3-2: Base on Balls
Batting: RHB Artie Rivers 0-0: Ball
1-0: Fly out, F9 (Flyball, 89M)
Bottom of the 3rd over - 0 run(s), 0 hit(s), 0 error(s), 1 left on base; Shelby HS 1 - Oklahoma City HS 0
TOP OF THE 4TH
Shelby HS Rockets batting - Pitching for Oklahoma City HS Magicians : RHP Carlos Pineda
Batting: RHB Jesús López 0-0: Swinging Strike
0-1: Foul Ball, location: 2F
0-2: Strikes out swinging
Batting: RHB David Randall 0-0: Called Strike
0-1: Called Strike
0-2: Ball
1-2: Ball
2-2: Ball
3-2: Ground out 4-3 (Groundball, 4)
Batting: RHB Julius Bell 0-0: Called Strike
0-1: Ball
1-1: Ball
2-1: Foul Ball, location: 2F
2-2: SINGLE (Line Drive, 8LS)
Batting: LHB Bill Williams 0-0: Ball
1-0: Foul Ball, location: 2F
1-1: Foul Ball, location: 2F
1-2: SINGLE (Groundball, 34)
Julius Bell to second
Julius Bell to third
Batting: RHB Sean Merritt 0-0: Fly out, F9 (Line Drive, 9M)
Top of the 4th over - 0 run(s), 2 hit(s), 0 error(s), 2 left on base; Shelby HS 1 - Oklahoma City HS 0
BOTTOM OF THE 4TH
Oklahoma City HS Magicians batting - Pitching for Shelby HS Rockets : RHP Jason Willis
Batting: RHB Pat Simms 0-0: Ball
1-0: Swinging Strike
1-1: Ball
2-1: SOLO HOME RUN (Flyball, 8LXD), Distance : 427 ft
Batting: RHB Curt O'Brian 0-0: Ball
1-0: Ball
2-0: Swinging Strike
2-1: SINGLE (Groundball, 25) (infield hit)
Batting: SHB Fernando Borges 0-0: Foul Ball, location: 2F
0-1: Ball
1-1: Foul Ball, location: 2F
1-2: Foul Ball, location: 2F
1-2: Ball
2-2: Ball
3-2: Strikes out looking
Curt O'Brian is caught stealing 2nd base
Batter strikes out.
Batting: RHB Darrell Krieger 0-0: Called Strike
0-1: Ball
1-1: Ball
2-1: Called Strike
2-2: Strikes out looking
Bottom of the 4th over - 1 run(s), 2 hit(s), 0 error(s), 0 left on base; Shelby HS 1 - Oklahoma City HS 1
TOP OF THE 5TH
Shelby HS Rockets batting - Pitching for Oklahoma City HS Magicians : RHP Carlos Pineda
Batting: LHB Justin Tubridy 0-0: Ball
1-0: Ground out 6-3 (Groundball, 6M)
Batting: RHB Robbie Weatherdon 0-0: SINGLE (Line Drive, 89S)
Batting: LHB Dave Cannon 0-0: Ball
1-0: Ball
2-0: SINGLE (Line Drive, 56D)
Robbie Weatherdon to second
Batting: RHB Joseph Brown 0-0: Foul Ball, location: 2F
0-1: Fly out, F5 (Line Drive, 5)
Batting: RHB Jesús López 0-0: Ball
1-0: Called Strike
1-1: Called Strike
1-2: Foul Ball, location: 2F
1-2: Fly out, F2 (Popup, 2LF)
Top of the 5th over - 0 run(s), 2 hit(s), 0 error(s), 2 left on base; Shelby HS 1 - Oklahoma City HS 1
BOTTOM OF THE 5TH
Oklahoma City HS Magicians batting - Pitching for Shelby HS Rockets : RHP Jason Willis
Batting: LHB Claudio Jaramillo 0-0: Called Strike
0-1: Foul Ball, location: 2F
0-2: Ball
1-2: SINGLE (Groundball, 34D)
Batting: LHB Fletcher White 0-0: Ball
1-0: Ball
2-0: Ball
3-0: Base on Balls
Claudio Jaramillo to second
Batting: LHB Sam Knight 0-0: Ball
1-0: Ball
2-0: Ball
3-0: Base on Balls
Claudio Jaramillo to third
Fletcher White to second
Batting: RHB Jim Banks 0-0: Ball
1-0: Foul Ball, location: 2F
1-1: Ball
2-1: Ball
3-1: Called Strike
3-2: Fly out, F8 (Flyball, 8RM)
Runner from 3rd tags up, SCORES, throw made
Batting: RHB Artie Rivers 0-0: Ball
1-0: Ball
2-0: Ball
3-0: Called Strike
3-1: Base on Balls
Fletcher White to third
Sam Knight to second
Pitching: LHP Gustavo Maldonado
Batting: RHB Pat Simms 0-0: Ball
1-0: Reached on error, E5 (Groundball, 5S)
Fletcher White scores
Sam Knight to third
Artie Rivers to second
Batting: RHB Curt O'Brian 0-0: Ground out 4-3 (Groundball, 4M)
Sam Knight scores
Artie Rivers to third
Pat Simms to second
Batting: SHB Fernando Borges 0-0: Ball
1-0: Foul Ball, location: 2F
1-1: Ball
2-1: Foul Ball, location: 2F
2-2: SINGLE (Groundball, 56)
Artie Rivers scores
Pat Simms to third
Runner from 3rd tries for Home, SAFE, no throw or cutoff
Batting: RHB Darrell Krieger 0-0: Hit by Pitch
Fernando Borges to second
Batting: LHB Claudio Jaramillo 0-0: Ball
1-0: Fly out, F8 (Line Drive, 8RM)
Bottom of the 5th over - 5 run(s), 2 hit(s), 1 error(s), 2 left on base; Shelby HS 1 - Oklahoma City HS 6
TOP OF THE 6TH
Shelby HS Rockets batting - Pitching for Oklahoma City HS Magicians : RHP Carlos Pineda
Batting: RHB David Randall 0-0: Swinging Strike
0-1: Swinging Strike
0-2: Strikes out swinging
Pitching: RHP Scott Young
Batting: RHB Julius Bell 0-0: Swinging Strike
0-1: Ball
1-1: Swinging Strike
1-2: Ball
2-2: Ball
3-2: Base on Balls
Batting: LHB Bill Williams 0-0: Ball
1-0: Called Strike
1-1: SINGLE (Line Drive, 89M)
Julius Bell to second
Batting: RHB Sean Merritt 0-0: Ball
1-0: Ball
2-0: Foul Ball, location: 2F
2-1: Fielders Choice at 2nd, 2-6 (Groundball, 2L)
Julius Bell to third
Batting: LHB Justin Tubridy 0-0: Ball
1-0: Ball
2-0: Ball
3-0: Base on Balls
Sean Merritt to second
Batting: RHB Robbie Weatherdon 0-0: Ball
1-0: Called Strike
1-1: Swinging Strike
1-2: Ground out 1-3 (Groundball, 3S)
Top of the 6th over - 0 run(s), 1 hit(s), 0 error(s), 3 left on base; Shelby HS 1 - Oklahoma City HS 6
BOTTOM OF THE 6TH
Oklahoma City HS Magicians batting - Pitching for Shelby HS Rockets : LHP Gustavo Maldonado
Batting: LHB Fletcher White 0-0: Ball
1-0: Ball
2-0: Foul Ball, location: 2F
2-1: Called Strike
2-2: Foul Ball, location: 2F
2-2: Strikes out looking
Batting: LHB Sam Knight 0-0: Ball
1-0: Called Strike
1-1: Ball
2-1: Ground out 4-3 (Groundball, 4)
Batting: RHB Jim Banks 0-0: Called Strike
0-1: Ball
1-1: Ball
2-1: Swinging Strike
2-2: Foul Ball, location: 2F
2-2: Fly out, F4 (Popup, 4)
Bottom of the 6th over - 0 run(s), 0 hit(s), 0 error(s), 0 left on base; Shelby HS 1 - Oklahoma City HS 6
TOP OF THE 7TH
Shelby HS Rockets batting - Pitching for Oklahoma City HS Magicians : RHP Scott Young
Batting: LHB Dave Cannon 0-0: Called Strike
0-1: Ground out 4-3 (Groundball, 4)
Batting: RHB Joseph Brown 0-0: Fly out, F9 (Flyball, 9M)
Batting: RHB Jesús López 0-0: Called Strike
0-1: Swinging Strike
0-2: Strikes out looking
Top of the 7th over - 0 run(s), 0 hit(s), 0 error(s), 0 left on base; Shelby HS 1 - Oklahoma City HS 6
BOTTOM OF THE 7TH
Oklahoma City HS Magicians batting - Pitching for Shelby HS Rockets : LHP Gustavo Maldonado
Batting: RHB Artie Rivers 0-0: Swinging Strike
0-1: Foul Ball, location: 2F
0-2: Foul Ball, location: 2F
0-2: Strikes out looking
Pitching: RHP Joseph Baxter
Batting: RHB Pat Simms 0-0: Foul Ball, location: 2F
0-1: Ball
1-1: SINGLE (Flyball, 7S)
Batting: RHB Curt O'Brian 0-0: Called Strike
0-1: Ball
1-1: Foul Ball, location: 2F
1-2: Ball
2-2: Foul Ball, location: 2F
2-2: Ball
3-2: Fly out, F8 (Flyball, 89M)
Batting: SHB Fernando Borges 0-0: DOUBLE (Flyball, 8RXD)
Pat Simms to third
Runner from 3rd tries for Home, SAFE, no throw or cutoff
Batting: RHB Darrell Krieger 0-0: Called Strike
0-1: Called Strike
0-2: Ball
1-2: Ball
2-2: SINGLE (Line Drive, 6MD)
Fernando Borges to third
Batting: LHB Claudio Jaramillo 0-0: Called Strike
0-1: Ball
1-1: Swinging Strike
1-2: Strikes out swinging
Bottom of the 7th over - 1 run(s), 3 hit(s), 0 error(s), 2 left on base; Shelby HS 1 - Oklahoma City HS 7
TOP OF THE 8TH
Shelby HS Rockets batting - Pitching for Oklahoma City HS Magicians : RHP Scott Young
Batting: RHB David Randall 0-0: Ball
1-0: Fly out, F8 (Flyball, 8LD)
Pitching: LHP Tony Féliz
Batting: RHB Julius Bell 0-0: Ball
1-0: Ball
2-0: Ball
3-0: Called Strike
3-1: Base on Balls
Batting: LHB Bill Williams 0-0: Swinging Strike
0-1: Ball
1-1: Foul Ball, location: 2F
1-2: SINGLE (Groundball, 2L) (infield hit)
Julius Bell to second
Batting: RHB Sean Merritt 0-0: Swinging Strike
0-1: Grounds into double play, 4-6-3 (Groundball, 4)
Top of the 8th over - 0 run(s), 1 hit(s), 0 error(s), 1 left on base; Shelby HS 1 - Oklahoma City HS 7
BOTTOM OF THE 8TH
Oklahoma City HS Magicians batting - Pitching for Shelby HS Rockets : RHP Joseph Baxter
Batting: LHB Fletcher White 0-0: Ball
1-0: Foul Ball, location: 2F
1-1: Called Strike
1-2: Ball
2-2: Strikes out swinging
Batting: LHB Sam Knight 0-0: Ball
1-0: Called Strike
1-1: Ball
2-1: SINGLE (Line Drive, 8RS)
Batting: RHB Jim Banks 0-0: Called Strike
0-1: Foul Ball, location: 2F
0-2: Foul Ball, location: 2F
0-2: Ball
1-2: Fielders Choice at 2nd, 6-4 (Groundball, 6)
Batting: RHB Artie Rivers 0-0: Called Strike
0-1: Called Strike
0-2: Foul Ball, location: 2F
0-2: Foul Ball, location: 2F
0-2: Ball
1-2: Foul Ball, location: 2F
1-2: SINGLE (Line Drive, 4D)
Jim Banks to second
Runner from 2nd tries for 3rd, SAFE, throw made to third
Batting: RHB Pat Simms 0-0: Called Strike
0-1: Ball
1-1: Ball
2-1: Ball
3-1: Foul Ball, location: 2F
3-2: Base on Balls
Artie Rivers to second
Batting: RHB Curt O'Brian 0-0: Called Strike
0-1: Called Strike
0-2: Ball
1-2: Strikes out swinging
Bottom of the 8th over - 0 run(s), 2 hit(s), 0 error(s), 3 left on base; Shelby HS 1 - Oklahoma City HS 7
TOP OF THE 9TH
Shelby HS Rockets batting - Pitching for Oklahoma City HS Magicians : LHP Tony Féliz
Now at 2B: Randy Pérez
Batting: LHB Justin Tubridy 0-0: Swinging Strike
0-1: Ball
1-1: Foul Ball, location: 2F
1-2: Strikes out swinging
Batting: RHB Robbie Weatherdon 0-0: Ball
1-0: Called Strike
1-1: Swinging Strike
1-2: Strikes out looking
Batting: LHB Dave Cannon 0-0: Foul Ball, location: 2F
0-1: Foul Ball, location: 2F
0-2: Ball
1-2: Ball
2-2: Foul Ball, location: 2F
2-2: Strikes out swinging
Top of the 9th over - 0 run(s), 0 hit(s), 0 error(s), 0 left on base; Shelby HS 1 - Oklahoma City HS 7
Monday, December 5th, 2016 - OOTP Baseball 17.12 Build 75